AoeStats
← Dr. Nick Riviera

Black Forest

504672036Analyzed
2v2 RM · 25d ago on Sep 6, 2026· 82m 19s· 4 players
Game mode
Random Map
Map size
Medium (4 player)
Population
200
Speed
Normal
Resources
Standard
Victory
Conquest
Starting age
Dark Age
Ending age
Imperial Age
RankedLock teamsTeams togetherTeam positionsShared explorationLock speedFull tech treeHidden civsTurbo modeCheats
Victory
Defeat
🇦🇷 Italians · Argentina
1076
+17
🇨🇱 Aztecs · Chile
1035
+18
🇨🇷 Bohemians · Costa Rica
1115
-18
🇨🇳 Turks · China
1065
-17
Dr. Nick Riviera
0:46 Loom
16:36 Feudal Age
22:18 Castle Age
20:56 Horse Collar
21:31 Double-Bit Axe
22:47 Stone Mining
24:24 Bow Saw
31:31 Gold Mining
35:18 Imperial Age
34:07 Wheelbarrow
35:20 Scale Mail Armor
35:25 Squires
36:12 Forging
37:36 Iron Casting
38:54 Chain Mail Armor
39:08 Fortified Wall
41:49 Eagle Warrior
43:39 Heavy Plow
43:57 Hand Cart
43:32 Pikeman
Bruno
0:32 Loom
14:48 Feudal Age
20:05 Castle Age
18:15 Double-Bit Axe
18:11 Horse Collar
21:13 Gold Mining
21:35 Bow Saw
23:27 Heavy Plow
31:10 Imperial Age
29:46 Silk Road
30:21 Wheelbarrow
30:10 Caravan
30:47 Fortified Wall
30:40 Scale Mail Armor
31:57 Forging
32:02 Chain Mail Armor
31:48 Squires
31:34 Arson
34:45 Iron Casting
35:22 Plate Mail Armor
35:43 Plate Mail Armor
36:10 Conscription
41:51 Hand Cart
43:46 Chemistry
43:37 Murder Holes
44:03 Ballistics
46:07 Devotion
46:21 Pikeman
57:09 Two-Man Saw
56:42 Crop Rotation
66:10 Blast Furnace
rafael9530
0:30 Loom
12:40 Feudal Age
20:34 Castle Age
21:35 Double-Bit Axe
22:41 Horse Collar
29:52 Imperial Age
29:19 Chemistry
43:41 Light Cavalry
43:45 Cavalier
44:25 Husbandry
44:55 Forging
523988158
0:31 Loom
15:36 Feudal Age
20:56 Castle Age
19:59 Double-Bit Axe
19:56 Horse Collar
21:59 Wheelbarrow
22:05 Bow Saw
22:11 Heavy Plow
24:44 Fletching
31:59 Imperial Age
30:26 Padded Archer Armor
30:22 Bodkin Arrow
30:38 Forging
30:28 Scale Mail Armor
30:37 Scale Barding Armor
32:32 Hand Cart
34:29 Husbandry
39:15 Bloodlines
40:40 Gold Mining
40:41 Stone Mining
40:50 Cavalier
43:35 Iron Casting
45:15 Leather Archer Armor
45:20 Chain Barding Armor
48:08 Plate Barding Armor
57:56 Heavy Camel Rider
59:49 Heavy Scorpion
72:21 Conscription
71:22 Elite Janissary
Connection lost

Rejoining the realm…

Still unreachable

The connection could not be restored.

Session expired

The server has moved on; the page needs a fresh start.